 Dungeon Crawl Stone Soup version 0.18-a0-1784-ga939a68 (webtiles) character file.

5508 saintsgambit the Blocker (level 11, -7/84 HPs)
             Began as a Formicid Fighter on Apr 18, 2016.
             Was a Priest of Okawaru.
             Killed by divine providence
             ... invoked by an orc priest
              (12 damage)
             ... on level 9 of the Dungeon.
             The game lasted 00:28:18 (8326 turns).

saintsgambit the Blocker (Formicid Fighter)         Turns: 8326, Time: 00:28:19

Health: -7/84      AC: 14    Str: 23    XL:     11   Next: 1%
Magic:  10/11      EV: 10    Int:  8    God:    Okawaru [***...]
Gold:   608        SH: 12    Dex: 11    Spells: 0 memorised, 10 levels left

rFire  + + .     SeeInvis +     a - +0 quarterstaff
rCold  + . .     Gourm    +     B - +2 chain mail {rF+}
rNeg   . . .     Faith    .     c - +0 shield
rPois  .         Spirit   .     (helmet unavailable)
rElec  .         Dismiss  .     t - +0 cloak
rCorr  .         Reflect  .     (no gloves)
SustAt .         Harm     .     (no boots)
MR     +....                    g - amulet of the gourmand
Stlth  ..........               w - ring of protection from fire
                                l - ring of protection from cold

@: somewhat resistant to hostile enchantments, extremely unstealthy
A: permanent stasis, dig shafts and tunnels, four strong arms, antennae 3
a: Dig, Shaft Self, Heroism, Renounce Religion


You were on level 9 of the Dungeon.
You worshipped Okawaru.
Okawaru was most pleased with you.
You were very full.

You visited 2 branches of the dungeon, and saw 10 of its levels.

You collected 725 gold pieces.
You spent 117 gold pieces at shops.

Inventory:

Hand Weapons
 a - a +0 quarterstaff (weapon)
 y - a +2 quarterstaff of chaos
 A - a +4 dagger
 C - a +2 whip of flaming
 G - a +0 rapier of speed
 U - a +0 quarterstaff
Missiles
 E - 4 tomahawks (quivered)
Armour
 c - a +0 shield (worn)
 t - a +0 cloak (worn)
 B - a +2 chain mail of fire resistance (worn)
 N - the +0 robe of Light {rPois rF- Int+9, unknown}
   (You found it on level 7 of the Dungeon)

   It affects your intelligence (+9).
   It makes you vulnerable to fire.
   It protects you from poison.
Rods
 O - a +0 rod of inaccuracy (14/14)
   (You took it off an orc on level 7 of the Dungeon)
Jewellery
 g - an amulet of the gourmand (around neck)
 l - a ring of protection from cold (left hand)
 w - a ring of protection from fire (right hand)
 M - an uncursed ring of protection from magic {unknown}
Wands
 e - a wand of flame (23/48)
 u - a wand of digging (9/24)
 D - a wand of acid (4/15)
 V - a wand of lightning (5/15)
Scrolls
 d - a scroll of acquirement {unknown}
 h - 7 scrolls of identify
 j - 2 scrolls of noise
 p - a scroll of fear {unknown}
 H - 4 scrolls of enchant armour {unknown}
 I - a scroll of fog
 J - 2 scrolls of recharging {unknown}
 L - 4 scrolls of remove curse
 Q - 2 scrolls of enchant weapon {unknown}
 R - a scroll of amnesia {unknown}
 X - a scroll of immolation {unknown}
Potions
 b - a potion of brilliance {unknown}
 k - a potion of lignification {unknown}
 m - 2 potions of heal wounds {unknown}
 n - a potion of berserk rage {unknown}
 o - a potion of ambrosia {unknown}
 q - a potion of mutation {unknown}
 r - a potion of magic {unknown}
 s - 2 potions of beneficial mutation {unknown}
 v - 5 potions of curing
 K - a potion of cure mutation {unknown}
Books
 x - a book of Necromancy

   Spells                             Type                      Level
   a - Pain                           Necromancy                   1
   b - Animate Skeleton               Necromancy                   1
   c - Vampiric Draining              Necromancy                   3
   d - Regeneration                   Charms/Necromancy            3
   e - Animate Dead                   Necromancy                   4
   f - Control Undead                 Necromancy                   4
 T - a Young Poisoner's Handbook

   Spells                             Type                      Level
   a - Sting                          Conjuration/Poison           1
   b - Cure Poison                    Poison                       2
   c - Mephitic Cloud                 Conjuration/Poison/Air       3
   d - Olgreb's Toxic Radiance        Poison                       4
   e - Venom Bolt                     Conjuration/Poison           5
Comestibles
 f - 6 bread rations
 i - 3 meat rations
 z - a royal jelly
 F - 9 slices of pizza
 P - 2 beef jerkies
 S - 3 fruits


   Skills:
 + Level 7.5 Fighting
 + Level 7.7 Staves
 + Level 8.2 Armour
 + Level 4.7 Dodging
 + Level 1.0 Stealth
 + Level 10.8 Shields
 + Level 0.5 Invocations


You had 10 spell levels left.
You didn't know any spells.

Dungeon Overview and Level Annotations

Branches:
Dungeon (9/15)             Temple (1/1) D:5
   Lair: D:8-11         Orc: D:9-12

Altars:
Ashenzari
Cheibriados
Dithmenos
Elyvilon
Fedhas
Gozag
Kikubaaqudgha
Makhleb
Nemelex Xobeh
Okawaru
Pakellas
Qazlal
Ru
Sif Muna
Trog
Vehumet
Xom
Yredelemnul
Zin
The Shining One

Shops:
D:4 *   D:8 }


Innate Abilities, Weirdness & Mutations

You are under a permanent stasis effect.
You can dig through walls and to a lower floor.
Your four strong arms can wield two-handed weapons with a shield.
You have a pair of large antennae on your head (SInv).


Message History

Your chain mail prevents you from hitting the orc wizard.
The orc priest looks braver for a moment.
You block the orc wizard's attack. The orc hits you.
* * * LOW HITPOINT WARNING * * *
Unknown command.
You sock the orc warrior!
You kill the orc warrior!
Okawaru accepts your kill.
You have reached level 11!
The orc wizard hits you but does no damage.
The orc priest calls down the wrath of Beogh upon you.
Beogh smites you!
* * * LOW HITPOINT WARNING * * *
You block the orc's attack. The orc wizard barely misses you.
You hit the orc.
The orc is heavily wounded.
You block the orc's attack.
The orc priest invokes the aid of Beogh against you.
Beogh smites you!
You die...

####.#### #.###(# #.#
#.# #.##.###.# #.# #.#
#........###.# ##.##
#.#
####.........####:..#
#.# #####.#####.......
######.# #.....#
#.##...# .......#
###.....###.###.##
######## #.oo........#
#.# #####@#.{...#####
#.# #≈≈≈ooo≈≈≈..# #.#
### #≈##'o'##≈### #.#
..# #.....#≈# #.# #.#
#.....#≈# #.# #†#####
#.....#≈# #.# #.#...#
#$.%.$#≈# ##### #.#
......#
#.(.?.#≈###...###.##
#.#...#
#≈#######≈............


You could see an orc priest, an orc wizard and 4 orcs.

Vanquished Creatures
  Pikel (D:4)
  Prince Ribbit (D:9)
  Sigmund (D:3)
  6 yaks (D:9)
  Eustachio (D:4)
  A human (D:8)
  A hippogriff (D:8)
  Duvessa (D:5)
  4 orc warriors
  2 black bears
  A necrophage (D:8)
  An ice beast (D:9)
  2 phantoms
  6 centaurs
  2 ogres
  4 giant frogs
  A wyvern zombie (D:9)
  Dowan (D:5)
  5 killer bees (D:7)
  3 howler monkeys
  A crimson imp (D:8)
  A wasp zombie (D:9)
  2 orc priests
  7 hounds
  Crazy Yiuf (D:3)
  A centaur skeleton (D:8)
  3 jellies
  3 orc wizards
  An iguana (D:8)
  7 worker ants
  A killer bee zombie (D:9)
  A hound zombie (D:7)
  4 gnolls
  7 adders
  4 shadow imps
  An adder zombie (D:9)
  2 worms (D:3)
  2 dart slugs (D:1)
  3 giant geckos
  13 orcs
  3 ball pythons
  4 bats
  11 giant cockroaches
  11 goblins
  4 hobgoblins
  4 jackals (D:9)
  5 quokkas
  A giant gecko zombie (D:5)
  6 giant newts
  5 kobolds
  A quokka skeleton (D:5)
  6 rats
  A bush (D:7)
  A fungus (D:3)
173 creatures vanquished.

Vanquished Creatures (others)
  A giant cockroach (D:4)
1 creature vanquished.

Grand Total: 174 creatures vanquished

Notes
Turn   | Place    | Note
--------------------------------------------------------------
     0 | D:1      | saintsgambit the Formicid Fighter began the quest for the Orb.
     0 | D:1      | Reached XP level 1. HP: 18/18 MP: 1/1
    61 | D:1      | Reached XP level 2. HP: 17/24 MP: 2/2
   205 | D:1      | Reached skill level 4 in Shields
   515 | D:1      | Reached XP level 3. HP: 23/30 MP: 3/3
   922 | D:2      | Reached XP level 4. HP: 37/37 MP: 4/4
  1262 | D:3      | Noticed Sigmund
  1280 | D:3      | Killed Sigmund
  1280 | D:3      | Reached skill level 1 in Dodging
  1280 | D:3      | Reached skill level 5 in Shields
  1280 | D:3      | Reached XP level 5. HP: 7/42 MP: 5/5
  1280 | D:3      | Reached XP level 6. HP: 8/48 MP: 6/6
  1585 | D:3      | Found a white marble altar of Elyvilon.
  1925 | D:3      | Noticed Crazy Yiuf
  1930 | D:3      | Killed Crazy Yiuf
  2143 | D:4      | Noticed a phantom
  2147 | D:4      | Reached XP level 7. HP: 54/55 MP: 7/7
  2257 | D:4      | Reached skill level 6 in Shields
  2262 | D:4      | Found Quodocoe's Assorted Antiques.
  2272 | D:4      | Bought a shiny chain mail for 117 gold pieces
  2430 | D:4      | Noticed Pikel
  2464 | D:4      | Killed Pikel
  2464 | D:4      | Reached skill level 5 in Fighting
  2464 | D:4      | Reached skill level 5 in Armour
  2464 | D:4      | Reached XP level 8. HP: 38/63 MP: 8/8
  2538 | D:4      | Noticed Eustachio
  2563 | D:4      | Killed Eustachio
  2563 | D:4      | Reached skill level 7 in Shields
  2572 | D:4      | Found an ancient bone altar of Kikubaaqudgha.
  2649 | D:5      | Entered Level 5 of the Dungeon
  3024 | D:5      | Noticed Duvessa
  3027 | D:5      | Noticed Dowan
  3049 | D:5      | Killed Duvessa
  3049 | D:5      | Reached XP level 9. HP: 49/69 MP: 9/9
  3059 | D:5      | Killed Dowan
  3575 | D:5      | Reached skill level 5 in Staves
  3705 | D:5      | Found a staircase to the Ecumenical Temple.
  3733 | Temple   | Entered the Ecumenical Temple
  3772 | Temple   | Became a worshipper of Warmaster Okawaru
  4006 | D:6      | Found a blossoming altar of Fedhas.
  4115 | D:6      | Reached skill level 8 in Shields
  5338 | D:7      | Got an ichor-stained robe
  5401 | D:7      | Reached * piety under Okawaru
  5476 | D:7      | Reached skill level 1 in Stealth
  5949 | D:7      | Reached skill level 9 in Shields
  6426 | D:8      | Reached XP level 10. HP: 44/77 MP: 7/10
  6589 | D:8      | Found Raod's Gadget Boutique.
  7296 | D:8      | Reached ** piety under Okawaru
  7473 | D:9      | Reached skill level 10 in Shields
  7770 | D:9      | Reached *** piety under Okawaru
  7855 | D:9      | Noticed Prince Ribbit
  8097 | D:9      | Killed Prince Ribbit
  8325 | D:9      | Reached XP level 11. HP: 15/84 MP: 9/11
  8326 | D:9      | Killed from afar by an orc priest

Vault maps used:
D:1:      saegor_arrival_simple_b, minmay_crystal_room
D:2:      serial_bayou_ford_a
D:3:      elyvilon_altar_1, first_bread, supply_closet_lemuel, uniq_sigmund,
          uniq_crazy_yiuf_cottage
D:4:      kennysheep_mini, serial_shops, shop, uniq_eustachio, uniq_pikel
D:5:      temple_green, uniq_duvessa
D:6:      fedhas_altar_3
D:7:      kb_lookout_dungeons_type, st_stairs_3
D:8:      serial_shops, shop_fountains, grunt_pizzeria
D:9:      library_closet, minmay_orc_keep, uniq_prince_ribbit1
Temple:   kilobyte_greek_temple_18

Skill      XL: |  1  2  3  4  5  6  7  8  9 10 |
---------------+-------------------------------+-----
Shields        | 4 5 6 7 9 10 | 10.8
Armour         | 4 5 6 8 |  8.2
Fighting       | 4 5 6 7 |  7.5
Staves         | 3 4 5 7 |  7.7
Dodging        | 1 3 4 |  4.7
Stealth        | 1 |  1.0
Invocations    | |  0.5

Action                   |  1- 3 |  4- 6 |  7- 9 | 10-12 || total
-------------------------+-------+-------+-------+-------++-------
Melee: Quarterstaff      |    84 |   119 |   421 |   322 ||   946
Invok: Heroism           |       |       |     2 |     3 ||     5
  Use: Scroll            |     2 |     4 |     3 |       ||     9
       Potion            |       |     1 |     2 |       ||     3
 Stab: Distracted        |       |       |     1 |       ||     1
  Eat: Chunk             |       |     1 |     6 |    12 ||    19
       Pizza             |       |     1 |     1 |       ||     2
       Beef jerky        |       |     1 |       |       ||     1
       Bread ration      |       |       |     2 |       ||     2
Armor: Scale mail        |    32 |    30 |     5 |       ||    67
       Chain mail        |       |       |   157 |    90 ||   247
Dodge: Dodged            |    28 |    31 |   135 |    94 ||   288
Block: Shield            |    39 |    60 |   246 |   187 ||   532
